AoeStats
← msheehandub

Scandinavia

510404101Analyzed
1v1 RM · 1d ago on Sep 30, 2026· 52m 2s· 2 players
Game mode
Random Map
Map size
Tiny (2 player)
Population
200
Speed
Normal
Resources
Standard
Victory
Conquest
Starting age
Dark Age
Ending age
Imperial Age
RankedLock teamsTeams togetherTeam positionsShared explorationLock speedFull tech treeHidden civsTurbo modeCheats
Victory
Defeat
🇸🇦 Koreans · Saudi Arabia
820
+15
🇺🇸 Japanese · United States
800
-15
Chanbara
4:31 Loom
10:00 Feudal Age
10:37 Horse Collar
10:45 Double-Bit Axe
11:12 Man-at-Arms
11:52 Arson
17:47 Fletching
18:34 Scale Mail Armor
24:54 Castle Age
24:34 Gold Mining
25:49 Bow Saw
26:04 Heavy Plow
26:09 Squires
25:46 Long Swordsman
26:48 Pikeman
26:49 Elite Skirmisher
27:46 Bodkin Arrow
28:11 Gambesons
31:33 Forging
31:38 Chain Mail Armor
31:36 Husbandry
32:18 Padded Archer Armor
33:07 Fervor
34:32 Gold Shaft Mining
33:55 Stone Mining
34:33 Thumb Ring
35:18 Iron Casting
34:58 Leather Archer Armor
34:54 Scale Barding Armor
37:34 Chain Barding Armor
37:30 Bloodlines
43:25 Imperial Age
45:21 Halberdier
msheehandub
11:46 Feudal Age
12:10 Loom
19:10 Castle Age
17:09 Double-Bit Axe
19:25 Crossbowman
20:47 Fletching
22:09 Horse Collar
22:32 Town Watch
27:10 Stone Mining
31:31 Bodkin Arrow
31:46 Scale Barding Armor
40:07 Imperial Age
38:22 Husbandry
38:45 Chain Barding Armor
38:26 Gold Mining
39:12 Stone Shaft Mining
39:20 Forging
41:45 Bow Saw
42:17 Iron Casting
41:18 Arbalester
45:18 Chemistry
43:55 Cavalier
Connection lost

Rejoining the realm…

Still unreachable

The connection could not be restored.

Session expired

The server has moved on; the page needs a fresh start.